 Dungeon Crawl Stone Soup version 0.25.1-2-g60ff931df9 (webtiles) character file.

Game seed: 13557559912447734521

38 DildoBatman the Magician (level 3, 0/24 HPs)
             Began as a Formicid Wizard on Aug 17, 2020.
             Succumbed to a worker ant's poison
             ... on level 2 of the Dungeon.
             The game lasted 00:04:48 (2131 turns).

DildoBatman the Magician (Formicid Wizard)          Turns: 2131, Time: 00:04:48

Health: 0/24       AC:  2    Str: 11    XL:     3   Next: 65%
Magic:  0/7        EV: 12    Int: 18    God:
Gold:   27         SH:  0    Dex:  9    Spells: 1/8 levels left

rFire    . . .     SeeInvis +   c - +0 dagger
rCold    . . .     Gourm    .   (no shield)
rNeg     . . .     Faith    .   a - +0 robe
rPois    .         Spirit   .   (helmet unavailable)
rElec    .         Reflect  .   (no cloak)
rCorr    .         Harm     .   (no gloves)
MR       .....                  (no boots)
Stlth    ++........             (no amulet)
HPRegen  0.08/turn              (no ring)
MPRegen  0.10/turn              (no ring)

@: lethally poisoned (0 -> -6)
A: permanent stasis, dig shafts and tunnels, four strong arms, antennae 3
a: Dig, Shaft Self


You were on level 2 of the Dungeon.
You were not hungry.

You visited 1 branch of the dungeon, and saw 2 of its levels.

You collected 27 gold pieces.

Inventory:

Hand Weapons
 c - a +0 dagger (weapon)
Missiles
 b - 37 stones (quivered)
 i - 12 arrows
 l - 13 bolts
Armour
 a - a +0 robe (worn)
Scrolls
 d - a scroll of amnesia {unknown}
 e - 4 scrolls of identify {unknown}
 j - a scroll of enchant weapon {unknown}
 m - a scroll of fog {unknown}
 n - 4 scrolls of teleportation {unknown}
Potions
 f - a potion of degeneration {unknown}
 g - a potion of experience {unknown}
 h - a potion of curing {unknown}
 k - a potion of magic {unknown}
Comestibles
 o - 4 chunks of flesh
 v - 4 rations


   Skills:
 - Level 1.7 Dodging
 - Level 2.4 Stealth
 - Level 3.2 Spellcasting
 * Level 2.9 Conjurations
   Level 1.0 Summonings
   Level 0.8 Translocations


You had one spell level left.
You knew the following spells:

 Your Spells              Type           Power        Failure   Level  Hunger
a - Conjure Flame         Conj/Fire      #.......     26%         3    ###....
c - Magic Dart            Conj           ##..         4%          1    None
e - Mephitic Cloud        Conj/Pois/Air  #.......     32%         3    ###....

Your spell library contained the following spells:

 Spells                   Type           Power        Failure   Level  Hunger
 Call Imp                 Summ           #.......     16%         2    ##.....
 Slow                     Hex            #.......     24%         2    ##.....
 Blink                    Tloc           Unusable     N/A         2    N/A

Dungeon Overview and Level Annotations

Branches:
Dungeon (2/15)

Altars:

Annotations:
D:1 exclusion: sensed monster (detected)


Innate Abilities, Weirdness & Mutations

You cannot be hasted, slowed, berserked, paralysed or teleported.
You can dig through walls and to a lower floor.
Your four strong arms can wield two-handed weapons with a shield.
You have a pair of large antennae on your head. (SInv)


Message History

The worker ant is heavily wounded.
You barely miss the worker ant.
The worker ant is heavily wounded.
The worker ant misses you.
Casting: Magic Dart (safe; 4% risk of failure)
Confirm with . or Enter, or press ? or * to list all spells.
Aiming: Magic Dart (safe; 4% risk of failure)
Press: ? - help, Shift-Dir - straight line, f/p - worker ant
Aim: a worker ant (heavily wounded, confused)
The magic dart hits the worker ant but does no damage.
The worker ant is heavily wounded.
The worker ant barely misses you.
You barely miss the worker ant.
The worker ant is heavily wounded.
The worker ant bites you! The worker ant bites you!
You are lethally poisoned!
The worker ant poisons you!
You feel sick.
You die...

#####..###.............##
.......####.###...####.#
###.........# #...# .^
#.######### #...# # #.#
#...# #.# ##...###
#.######## #......#
#........# #.#.##.#...
###..#...#.# #.#@.......
...........###..........
####........##a####.##.#
#......[.#.......# .#
#......a.#..####.#
#........#..#
#..#.##..#..#
#..#.##.)...#
#..#รท##.##.......


You could see a worker ant (confused).

Vanquished Creatures
  2 dart slugs
  A leopard gecko (D:1)
  3 bats
  2 giant cockroaches (D:2)
  4 hobgoblins (D:1)
  6 jackals
  5 frilled lizards
  A goblin (D:1)
  3 kobolds (D:1)
  4 rats
31 creatures vanquished.

Vanquished Creatures (others)
  5 toadstools (D:1)
5 creatures vanquished.

Grand Total: 36 creatures vanquished

Notes
Turn   | Place    | Note
-------+----------+-------------------------------------------
     0 | D:1      | DildoBatman the Formicid Wizard began the quest for the
                  | Orb.
     0 | D:1      | Reached XP level 1. HP: 13/13 MP: 4/4
    82 | D:1      | Reached skill level 1 in Conjurations
   266 | D:1      | Reached XP level 2. HP: 19/19 MP: 1/6
   937 | D:1      | Reached XP level 3. HP: 24/24 MP: 0/7
   942 | D:1      | Learned a level 3 spell: Conjure Flame
   946 | D:1      | Learned a level 3 spell: Mephitic Cloud
  2130 | D:2      | HP: 1/24 [poisoned by a worker ant]
  2131 | D:2      | Succumbed to a worker ant's poison

Illustrated notes

Levels and vault maps discovered:
D:1:      ldierk_walled_garden, layout_basic, nrook_loot_triangle
D:2:      layout_loops_cross

Skill      XL: |  1  2 |
---------------+-------+-----
Conjurations   | 1 2 |  2.9
Dodging        | |  1.7
Stealth        | |  2.4
Spellcasting   | |  3.2
Summonings     | |  1.0
Translocations | |  0.8

Action                   || total
-------------------------++-------
Melee: Dagger            ||    23
Throw: Stone             ||    11
 Cast: Magic Dart        ||   111
       Mephitic Cloud    ||     1
 Abil: Dig               ||     3
  Eat: Chunk             ||     4
Armor: Robe              ||     4
Dodge: Dodged            ||    31
